 Dungeon Sprint DCSS version 0.31-a0-4-gefa6de2278 (webtiles) character file.

Game seed: 242448132969469859

1002 sircluck the Cleaver (level 8, -4/121 HPs)
             Began as a Hill Orc Fighter on May 4, 2023.
             Was a Follower of Beogh.
             Shot with an arrow by a centaur (6 damage)
             ... in the Dungeon (Sprint IX: "|||||||||||||||||||||||||||||").
             The game lasted 00:00:56 (220 turns).

sircluck the Cleaver (Hill Orc Fighter)              Turns: 220, Time: 00:00:56

Health: -4/121     AC:  8    Str: 21    XL:     8   Next: 20%
Magic:  8/8        EV: 10    Int:  8    God:    Beogh [*.....]
Gold:   0          SH:  5    Dex: 10    Spells: 7/7 levels left

rFire   . . .        a - +0 war axe
rCold   . . .        c - +0 buckler
rNeg    . . .        b - +0 scale mail
rPois   .            (no helmet)
rElec   .            (no cloak)
rCorr   .            (no gloves)
SInv    .            (no boots)
Will    .....        (no amulet) Stlth
                     (no ring)
HPRegen 0.40/turn    (no ring)
MPRegen 0.11/turn

%: no teleportation
@: berserking (expiring), very quick
A: no striking features
a: Renounce Religion


You were in the Dungeon.
You worshipped Beogh.
Beogh was aware of your devotion.
You visited 1 branch

Inventory:

Hand Weapons
 a - a +0 war axe (weapon)
Armour
 b - a +0 scale mail (worn)
 c - a +0 buckler (worn)
 p - a +1 chain mail
Jewellery
 n - a +3 ring of strength
 o - a +2 ring of protection
Wands
 m - a wand of iceblast (5)
Scrolls
 j - a scroll of blinking
 l - 2 scrolls of amnesia
Potions
 d - a potion of might
 e - 5 potions of curing
 f - 3 potions of heal wounds
 g - a potion of haste
 h - 4 potions of magic
 k - a potion of invisibility


   Skills:
 + Level 10.7 Fighting
 + Level 12.2 Axes
 + Level 10.8 Armour
 + Level 1.7 Dodging
 + Level 8.5 Shields
 + Level 2.4 Evocations


You had 7 spell levels left.
You didn't know any spells.
Your spell library was empty.

Dungeon Overview and Level Annotations

Branches:
Dungeon (1/1)

Altars:
Cheibriados
Dithmenos
Elyvilon
Fedhas
Gozag
Hepliaklqana
Kikubaaqudgha
Makhleb
Nemelex Xobeh
Okawaru
Qazlal
Ru
Sif Muna
Trog
Uskayaw
Vehumet
Wu Jian
Xom
Yredelemnul
Zin
The Shining One
Beogh
Jiyva
Lugonu


Message History

A red film seems to cover your vision as you go berserk!
You feel yourself moving faster!
You feel mighty! The troll bites you but does no damage.
The troll barely misses you. The troll claws you.
* * * LOW HITPOINT WARNING * * *
Unknown command.
You hit the troll.
The troll is moderately wounded.
The troll bites you!
* * * LOW HITPOINT WARNING * * *
The troll claws you but does no damage. You block the troll's attack.
You hit the troll.
The troll is moderately wounded.
The troll bites you but does no damage. The troll claws you but does no damage.
The troll claws you.
* * * LOW HITPOINT WARNING * * *
You slice the troll!!
The troll is almost dead.
You barely miss the troll.
The troll is almost dead.
The troll bites you but does no damage. The troll barely misses you.
You block the troll's attack.
You slash the troll!
You kill the troll!
Beogh accepts your kill.
You hear some strange, mumbled words.
Something tries to affect you, but you resist.
Your Axes skill increases to level 12!
You have reached level 8!
Items here: )))))))).
You slash something! Beogh accepts your kill.
Reactivating autopickup.
You feel a bit more experienced.
You slice the killer bee!!
You kill the killer bee!
Beogh accepts your kill.
The centaur wields a +0 shortbow.
The centaur shoots an arrow.
The arrow hits you.
You die... ▓▓▓▓▓▓▓▓▓▓▓▓▓▓▓▓▓▓▓▓▓▓▓▓▓▓▓▓▓▓ D.c.yo'...Dc)@..'_____________ ▓▓▓▓▓▓▓▓▓▓▓▓▓▓▓▓▓▓▓▓▓▓▓▓▓▓▓▓▓▓

You could see an acid dragon and a centaur.

Vanquished Creatures
  A two-headed ogre (D)
  A troll (D)
  A phantom (D)
  A scorpion (D)
  A killer bee (D)
  A hound (D)
  An orc wizard (D)
  2 adders (D)
  An endoplasm (D)
  2 hobgoblins (D)
  2 kobolds (D)
14 creatures vanquished.

Notes
Turn   | Place    | Note
-------+----------+-------------------------------------------
     0 | D        | sircluck the Hill Orc Fighter began the quest for the Orb.
     0 | D        | Reached XP level 1. HP: 19/19 MP: 1/1
    15 | D        | Reached skill level 3 in Axes
    16 | D        | Reached XP level 2. HP: 21/28 MP: 2/2
    22 | D        | Noticed a scorpion
    22 | D        | Noticed a phantom
    31 | D        | Killed a phantom
    32 | D        | Reached skill level 4 in Axes
    32 | D        | Reached skill level 5 in Shields
    32 | D        | Reached XP level 3. HP: 27/38 MP: 3/3
    32 | D        | Reached XP level 4. HP: 32/45 MP: 4/4
    34 | D        | Killed a scorpion
    35 | D        | Reached skill level 6 in Axes
    35 | D        | Reached XP level 5. HP: 33/52 MP: 5/5
    50 | D        | Reached skill level 7 in Axes
    56 | D        | Found a roughly hewn altar of Beogh.
    56 | D        | Found a snail-covered altar of Cheibriados.
    56 | D        | Found a shadowy altar of Dithmenos.
    56 | D        | Found a white marble altar of Elyvilon.
    56 | D        | Found a blossoming altar of Fedhas.
    56 | D        | Found an opulent altar of Gozag.
    57 | D        | Found a hazy altar of Hepliaklqana.
    58 | D        | Found a viscous altar of Jiyva.
    59 | D        | Found an ancient bone altar of Kikubaaqudgha.
    60 | D        | Found a corrupted altar of Lugonu.
    61 | D        | Found a burning altar of Makhleb.
    62 | D        | Found a sparkling altar of Nemelex Xobeh.
    63 | D        | Found an iron altar of Okawaru.
    64 | D        | Found a stormy altar of Qazlal.
    71 | D        | Became a worshipper of Beogh the Brigand
   164 | D        | Found a sacrificial altar of Ru.
   165 | D        | Found a shimmering blue altar of Sif Muna.
   166 | D        | Found a bloodstained altar of Trog.
   167 | D        | Found a hide-covered altar of Uskayaw.
   168 | D        | Found a radiant altar of Vehumet.
   169 | D        | Found an ornate altar of the Wu Jian Council.
   170 | D        | Found a shimmering altar of Xom.
   171 | D        | Found a basalt altar of Yredelemnul.
   172 | D        | Found a glowing silver altar of Zin.
   173 | D        | Found a glowing golden altar of the Shining One.
   197 | D        | Noticed an acid dragon
   197 | D        | Noticed a centaur
   197 | D        | Noticed a troll
   197 | D        | Noticed a two-headed ogre
   207 | D        | Killed a two-headed ogre
   208 | D        | Reached skill level 10 in Fighting
   208 | D        | Reached skill level 11 in Axes
   208 | D        | Reached skill level 10 in Armour
   208 | D        | Reached skill level 1 in Dodging
   208 | D        | Reached XP level 6. HP: 22/66 MP: 6/6
   208 | D        | Reached XP level 7. HP: 24/72 MP: 7/7
   213 | D        | HP: 3/108 [troll (14)]
   214 | D        | HP: 1/108 [troll (3)]
   217 | D        | Killed a troll
   218 | D        | Reached skill level 12 in Axes
   218 | D        | Reached XP level 8. HP: 2/81 MP: 8/8
   219 | D        | Reached * piety under Beogh
   220 | D        | Shot with an arrow by a centaur

Illustrated notes

Levels and vault maps discovered:
D:        linesprint [early_d, line_temple, items_1, d_10, items_2, lair_1,
          lair_end, items_3, orc_1, orc_end, items_4, d_15, swamp_1, shoals_1,
          snake_1, spider_1, d_20, vaults_1, items_5, swamp_end, shoals_end,
          snake_end, spider_end, vaults_end, d_27, items_6, zot_1, zot_end,
          crypt_end, forest_end, elf_end, slime_end, tomb_end, abyss_end,
          pan_hell_end]

Skill      XL: |  1  2  3  4  5  6  7 |
---------------+----------------------+-----
Fighting       | 4 6 7 10 | 10.7
Axes           | 3 4 6 11 12 | 12.2
Armour         | 4 6 10 | 10.8
Shields        | 4 5 6 8 |  8.5
Dodging        | 1 |  1.7
Evocations     | 2 |  2.4

Action                     |  1- 3 |  4- 6 |  7- 9 || total
---------------------------+-------+-------+-------++-------
  Melee: War axe           |    21 |    18 |    10 ||    49
  Evoke: Wand              |       |     5 |       ||     5
    Use: Scroll            |       |     1 |       ||     1
         Potion            |       |       |     1 ||     1
 Armour: Scale mail        |     9 |     8 |     7 ||    24
  Dodge: Dodged            |     9 |     7 |     5 ||    21
  Block: Buckler           |       |     4 |     4 ||     8

Table legend: (Time is in decaauts)
 A = Elapsed time spent in this place.
 B = Non-inter-level travel time spent in this place.
 C = Inter-level travel time spent in this place.
 D = Time resting spent in this place.
 E = Time spent auto-exploring this place.
 F = Levels seen in this place.
 G = Mean time per level.
                   A        B        C        D        E       F      G
               +--------+--------+--------+--------+--------+-----+--------+
         Total |    229 |    229 |      0 |      0 |    108 |   1 |  229.0 |
       Dungeon |    229 |    229 |      0 |      0 |    108 |   1 |  229.0 |
               +--------+--------+--------+--------+--------+-----+--------+

Top non-repeatable levels by time:
       D: 229 daAuts
